 Dungeon Crawl Stone Soup version 0.24.0-29-g8ce449bc06 (webtiles) character file.

Game seed: 7590281130032789086, levelgen mode: deterministic

247 Esekla the Magician (level 5, 0/38 HPs)
             Began as a Demonspawn Wanderer on Nov 16, 2019.
             Was a Plaything of Xom.
             Slain by Natasha (9 damage)
             ... on level 4 of the Dungeon.
             The game lasted 00:44:04 (6264 turns).

Esekla the Magician (Demonspawn Wanderer)           Turns: 6264, Time: 00:44:04

Health: 0/38       AC:  2    Str: 14    XL:     5   Next: 85%
Magic:  9/9        EV: 11    Int: 13    God:    Xom [...*..]
Gold:   276        SH:  0    Dex: 16    Spells: 4/10 levels left

rFire    . . .     SeeInvis .   w - +1 scimitar (flame)
rCold    . . .     Gourm    .   (no shield)
rNeg     . . .     Faith    .   d - +0 robe
rPois    .         Spirit   .   (helmet restricted)
rElec    .         Reflect  .   (no cloak)
rCorr    +         Harm     .   (no gloves)
MR       .....                  (no boots)
Stlth    ++........             (no amulet)
HPRegen  0.12/turn              j - ring of resist corrosion
MPRegen  0.11/turn              (no ring)

@: no status effects
A: antennae 1, thin skeletal structure 2, powered by pain 1
a: Renounce Religion


You were on level 4 of the Dungeon.
You worshipped Xom.
You were a favourite toy of Xom.
You were near starving.

You visited 1 branch of the dungeon, and saw 4 of its levels.

You collected 276 gold pieces.

Inventory:

Hand Weapons
 h - a +0 spear
 i - a +0 dagger
 v - a +1 scimitar of slicing
 w - a +1 scimitar of flaming (weapon)
Missiles
 r - 4 poisoned darts (quivered)
Armour
 d - a +0 robe (worn)
 e - a +0 leather armour
 u - a +2 ring mail of magic resistance
 x - a +0 helmet
Jewellery
 j - a ring of resist corrosion (left hand)
Wands
 n - a wand of random effects (26)
Scrolls
 b - a scroll of magic mapping {unknown}
 c - 2 scrolls of identify
 g - 4 scrolls of remove curse
 k - a scroll of enchant armour {unknown}
 l - a scroll of fear {unknown}
 m - a scroll of amnesia {unknown}
 o - 4 scrolls of teleportation
 y - a scroll of random uselessness {unknown}
Potions
 a - 2 potions of heal wounds
 p - a potion of curing
 q - a potion of cancellation
 s - a potion of resistance
 t - a potion of berserk rage
Comestibles
 f - 5 rations


   Skills:
 + Level 2.0 Fighting
 + Level 0.5(1.1) Short Blades
 * Level 1.3(1.4) Long Blades
 - Level 1.9 Polearms
 - Level 1.0 Throwing
 + Level 1.0 Armour
 + Level 0.4 Dodging
 * Level 3.1 Spellcasting
 + Level 0.8 Conjurations
   Level 1.7 Charms
 * Level 1.3 Translocations
   Level 1.7 Transmutations
 * Level 1.3 Air Magic
 * Level 1.1 Poison Magic
 + Level 1.0 Evocations


You had 4 spell levels left.
You knew the following spells:

 Your Spells              Type           Power        Failure   Level  Hunger
a - Magic Dart            Conj           #...         16%         1    #......
b - Blink                 Tloc           N/A          21%         2    ##.....
c - Mephitic Cloud        Conj/Pois/Air  #.......     41%         3    ###....

Your spell library contained the following spells:

 Spells                   Type           Power        Failure   Level  Hunger
 Beastly Appendage        Tmut           #.....       11%         1    #......
 Call Imp                 Summ           #.......     34%         2    ##.....
 Slow                     Hex            #.......     34%         2    ##.....
 Static Discharge         Conj/Air       #.......     41%         3    ###....
 Ignite Poison            Fire/Tmut/Pois #.......     43%         3    ###....
 Conjure Flame            Conj/Fire      #.......     50%         3    ###....


Dungeon Overview and Level Annotations

Branches:
Dungeon (4/15)             Temple (0/1) D:4

Altars:
Nemelex Xobeh
Sif Muna
Xom

Annotations:
D:4 Grinder, Natasha


Innate Abilities, Weirdness & Mutations

You have a pair of small antennae on your head.
You have a moderately thin skeletal structure. (Dex +4, Stealth+)
You sometimes gain a little power by taking damage.


Message History

You hit Natasha. You burn Natasha.
Natasha is heavily wounded.
Natasha claws you.
You closely miss Natasha.
Natasha is heavily wounded.
Natasha mumbles some strange words.
You feel disoriented. Natasha barely misses you.
You riposte.
You hit Natasha. You burn Natasha.
Natasha is almost dead.
You barely miss Natasha.
Natasha is almost dead.
Natasha claws you!
A shower of butterflies erupts from you!
Natasha claws you.
* * * LOW HITPOINT WARNING * * *
You barely miss Natasha.
Natasha is almost dead.
Natasha claws you!
You die...
Xom yawns loudly!

.....###......##
#..####.#
.....#.........#
#..5.....
............##..#
#.......##.
...........## #..#
##...##...# ...##.....##
#...#....# #.?##
..####...## #.....##
#..# .## #...# #...#
#..# ..# #..## ##h...#
#..# ..####..# ##@....##
.... ...##..##
##.b.....# #......##
##.....b..#
##......#####.......#...
#..#####..##......### ..
..## ###.........# . .##
##.####..... ## ###
###.##. ##


You could see Natasha.

Vanquished Creatures
  Blork the orc (D:3)
  A worker ant (D:4)
  6 adders
  2 worms
  2 dart slugs
  3 leopard geckos
  7 orcs (D:3)
  4 bats
  5 giant cockroaches
  13 goblins
  12 hobgoblins
  4 jackals (D:2)
  9 kobolds
  A quokka (D:3)
  A ball python (D:3)
  A frilled lizard (D:1)
  A leopard gecko skeleton (D:4)
  A quokka skeleton (D:2)
  2 rats (D:2)
76 creatures vanquished.

Notes
Turn   | Place    | Note
-------+----------+-------------------------------------------
     0 | D:1      | Esekla the Demonspawn Wanderer began the quest for the Orb.
     0 | D:1      | Esekla set off with the following items: a +0 club, a +0
                  | robe, a ration; and the following spells available to
                  | memorise: Beastly Appendage, Magic Dart, Blink, Call Imp,
                  | Slow, Ignite Poison, Conjure Flame, Mephitic Cloud, Static
                  | Discharge
     0 | D:1      | Reached XP level 1. HP: 15/15 MP: 2/2
     2 | D:1      | Learned a level 1 spell: Magic Dart
   432 | D:1      | Gained mutation: You have a somewhat thin skeletal
                  | structure. (Dex +2, Stealth) [demonic ancestry]
   432 | D:1      | Reached XP level 2. HP: 2/21 MP: 0/4
   742 | D:1      | Learned a level 2 spell: Blink
  1205 | D:1      | Reached skill level 2 in Spellcasting
  1678 | D:1      | Gained mutation: You sometimes gain a little power by
                  | taking damage. [demonic ancestry]
  1678 | D:1      | Reached XP level 3. HP: 27/27 MP: 2/6
  1708 | D:1      | Learned a level 3 spell: Mephitic Cloud
  1762 | D:2      | Found a sparkling altar of Nemelex Xobeh.
  2195 | D:2      | HP: 1/27 [worm (9)]
  3065 | D:3      | Gained mutation: You have a pair of small antennae on your
                  | head. [demonic ancestry]
  3065 | D:3      | Reached XP level 4. HP: 33/33 MP: 7/7
  3121 | D:3      | Noticed Blork the orc
  3133 | D:3      | Reached skill level 1 in Armour
  4344 | D:3      | Reached skill level 1 in Translocations
  4382 | D:3      | Found a faded altar of an unknown god.
  4934 | D:3      | Became a worshipper of Xom of Chaos
  4949 | D:3      | XOM: divination: magic mapping
  5078 | D:3      | XOM: harmless Air miscast
  5096 | D:3      | XOM: potion effect (haste)
  5106 | D:3      | XOM: swap monsters
  5117 | D:3      | Killed Blork the orc
  5117 | D:3      | Reached skill level 3 in Spellcasting
  5117 | D:3      | Reached skill level 1 in Poison Magic
  5117 | D:3      | Gained mutation: You have a moderately thin skeletal
                  | structure. (Dex +4, Stealth+) [demonic ancestry]
  5117 | D:3      | Reached XP level 5. HP: 22/38 MP: 9/9
  5118 | D:3      | Found a shimmering blue altar of Sif Muna.
  5296 | D:3      | Reached skill level 1 in Long Blades
  5557 | D:4      | Reached skill level 1 in Air Magic
  5814 | D:4      | Found a staircase to the Ecumenical Temple.
  5868 | D:4      | Noticed Natasha
  5946 | D:4      | Noticed Grinder
  5951 | D:4      | XOM: confusion
  6036 | D:4      | XOM: cloud trail
  6263 | D:4      | XOM: butterfly on damage
  6264 | D:4      | Slain by Natasha

Levels and vault maps discovered:
D:1:      lightli_arrival_lavapool, layout_basic
D:2:      layout_basic, overflow_temple_1_default, kennysheep_generic_room_11
D:3:      layout_loops_ring, chequers_ecumenical_altar_island, tgw_sif
D:4:      layout_layer_cave, minmay_temple_entry_statues_pillars, first_ration,
          uniq_natasha, uniq_grinder

Skill      XL: |  1  2  3  4  5 |
---------------+----------------+-----
Spellcasting   | 2 3 |  3.1
Armour         | 1 |  1.0
Translocations | 1 |  1.3
Fighting       | 2 |  2.0
Poison Magic   | 1 |  1.1
Long Blades    | 1 |  1.3
Air Magic      | 1 |  1.3
Short Blades   | |  0.5
Polearms       | |  1.9
Throwing       | |  1.0
Dodging        | |  0.4
Conjurations   | |  0.8
Charms         | |  1.7
Transmutations | |  1.7
Evocations     | |  1.0

Action                   |  1- 3 |  4- 6 || total
-------------------------+-------+-------++-------
Melee: Club              |    27 |       ||    27
       Dagger            |    51 |    59 ||   110
       Spear             |   108 |    42 ||   150
       Scimitar          |       |    42 ||    42
Throw: Dart              |       |     3 ||     3
 Cast: Magic Dart        |    49 |    46 ||    95
       Mephitic Cloud    |       |     4 ||     4
       Blink             |       |     2 ||     2
  Use: Scroll            |     2 |     6 ||     8
       Potion            |       |     2 ||     2
 Stab: Sleeping          |     3 |     1 ||     4
       Confused          |       |     4 ||     4
  Eat: Ration            |     1 |     2 ||     3
       Chunk             |     5 |     4 ||     9
Armor: Robe              |     3 |    12 ||    15
       Leather armour    |    35 |     2 ||    37
Dodge: Dodged            |    71 |    70 ||   141
       Rpst.: Scimitar   |       |     6 ||     6
